cohdb
Replays
Latest Replays
All Replays
Popular Replays
Top Player Replays
Match Explorer
How It Works
Community
CoH3 Stats
Reddit
Sign in to upload your games and track your stats! →
Sign in with Steam
Match 42914896
Unlisted
Match 42914896
Overview
Messages
Build Orders
End
Construct Infanterie Kompanie
Selects Luftwaffe Battlegroup
Grenadier Squad
MG 42 Machine Gun Team
Grenadier Squad
Construct Luftwaffe Kompanie
Selects Luftwaffe Pioneer Support
221 Scout Car
Medical Bunker
Jäger Squad
Selects Flak 38 Anti-Air Emplacement
Construct Panzergrenadier Kompanie
Support Elements
Luftwaffe Officer Quarters
StuG III G Assault Gun
Nebelwerfer 42 Rocket Launcher Team
Pak 40 Anti-tank Gun Team
jswd20
Leeheberwurst
Ozrealix
PenikmatKopi
Smeagol with a Deagle
BustRobot
破曉の黎明
jawocha
0
0
Comments
sign in to comment!
No comments posted yet!